 Dungeon Crawl Stone Soup version 0.31-a0-988-g08d55dae12 (webtiles) character file.

Game seed: 5994212498659769124

2397 Armakuni the Prestidigitator (level 9, -5/68 HPs)
             Began as a Human Artificer on Nov 4, 2023.
             Engulfed by a cloud of flame (8 damage)
             ... on level 8 of the Dungeon.
             The game lasted 00:25:17 (8010 turns).

Armakuni the Prestidigitator (Human Artificer)      Turns: 8010, Time: 00:25:18

Health: -5/68      AC: 10    Str: 17    XL:     9   Next: 74%
Magic:  9/9        EV: 10    Int: 11    God:
Gold:   474        SH:  0    Dex: 14    Spells: 7/8 levels left

rFire   . . .        a - +2 trident (freeze)
rCold   . . .        (no shield)
rNeg    + . .        h - +0 ring mail
rPois   .            (no helmet)
rElec   .            u - +2 cloak
rCorr   .            s - +1 pair of gloves
SInv    .            (no boots)
Will    .....        (no amulet)
Stlth   +            N - ring of positive energy
HPRegen 0.31/turn    (no ring)
MPRegen 0.11/turn

%: no passive effects
@: no status effects
A: no striking features
a: no special abilities


You were on level 8 of the Dungeon.
You visited 2 branches of the dungeon, and saw 9 of its levels.

You collected 474 gold pieces.

Inventory:

Hand Weapons
 a - a +2 trident of freezing (weapon)
 t - a +0 flail of freezing
Missiles
 q - a curare-tipped dart (quivered)
Armour
 h - a +0 ring mail (worn)
 o - a +3 chain mail
 s - a +1 pair of gloves (worn)
 u - a +2 cloak (worn)
 v - a +4 plate armour
Magical Staves
 b - a staff of poison
Jewellery
 J - a ring of ice
 N - a ring of positive energy (left hand)
Wands
 c - a wand of charming (7)
 k - a wand of digging (7)
 l - a wand of light (12)
Scrolls
 d - a scroll of identify
 g - a scroll of fear
 m - a scroll of immolation
 n - a scroll of teleportation
 p - a scroll of amnesia
 r - 2 scrolls of blinking
 U - a scroll of enchant weapon
 X - a scroll of brand weapon
Potions
 e - 2 potions of haste
 f - 4 potions of heal wounds
 i - a potion of curing
 j - a potion of might


   Skills:
 - Level 5.0 Fighting
 - Level 5.0 Staves
 - Level 2.0 Armour
 - Level 1.0 Dodging
 - Level 1.0 Stealth
 + Level 3.4 Poison Magic
 - Level 10.0 Evocations


You had 7 spell levels left.
You knew the following spells:

 Your Spells              Type           Power      Damage    Failure   Level
z - Apportation           Tloc           0%         N/A       54%         1

Your spell library contained the following spells:

 Spells                   Type           Power      Damage    Failure   Level
 Freeze                   Ice            0%         1d3       54%         1
 Necrotise                Necr           0%         1d4       54%         1
 Summon Small Mammal      Summ           0%         N/A       54%         1
 Sublimation of Blood     Necr           0%         N/A       67%         2
 Wereblood                Tmut           0%         N/A       67%         2
 Frozen Ramparts          Ice            0%         1d1       88%         3
 Hailstorm                Conj/Ice       0%         3d3       88%         3
 Summon Ice Beast         Ice/Summ       0%         N/A       99%         4
 Summon Mana Viper        Hex/Summ       0%         N/A       100%        5
 Monstrous Menagerie      Summ           0%         N/A       100%        7
 Summon Hydra             Summ           0%         N/A       100%        7


Dungeon Overview and Level Annotations

Branches:
Dungeon (8/15)             Temple (1/1) D:6
   Lair: D:8-11

Altars:
Ashenzari
Cheibriados
Dithmenos
Elyvilon
Fedhas
Gozag
Hepliaklqana
Kikubaaqudgha
Nemelex Xobeh
Okawaru
Qazlal
Ru
Sif Muna
Trog
Uskayaw
Vehumet
Xom
Yredelemnul
Zin
The Shining One

Shops:
D:5 (

Annotations:
D:2 Natasha
D:5 2 transporters, t4s4d4r's ghost, novice OpFi
D:8 Amaemon


Message History

Amaemon shouts!
The orange demon screeches!
The orc shouts!
You hear a shout!
A yak comes into view.
An orc wizard comes into view. It is wielding a +0 dagger.
Okay, then.
The orc wizard shouts!
You hear a shout!
An orc comes into view. It is wielding a +0 club.
As you read the scroll of immolation, it crumbles to dust.
The creatures around you are filled with an inner flame!
Okay, then.
Aiming: Bolt of Light
Press: ? - help, Shift-Dir - straight line
Okay, then.
Aiming: Bolt of Light
Press: ? - help, Shift-Dir - straight line
Okay, then.
Aiming: Bolt of Light
Press: ? - help, Shift-Dir - straight line The bolt of light hits Amaemon!!
Flame seeps out of Amaemon.
Amaemon is moderately wounded.
Amaemon is blinded.
Amaemon is engulfed in blazing flames.
Flame seeps out of Amaemon.
Aiming: Bolt of Light
Press: ? - help, Shift-Dir - straight line, f - orange demon
Aim: an orange demon (inner flame, 85% to hit)
The bolt of light hits the orc!
The bolt of light hits Amaemon!
Flame seeps out of Amaemon.
Amaemon is severely wounded.
The bolt of light hits the orange demon!!
Flame seeps out of the orange demon.
The orange demon is moderately wounded.
The orange demon is blinded.
The orc explodes!
The fiery explosion engulfs you!!
The fiery explosion engulfs the orc wizard!!
The orc wizard explodes!
The fiery explosion engulfs you!!!
Ouch! That really hurt!
* * * LOW HITPOINT WARNING * * *
You are engulfed in blazing flames.
You die...

#.......# .# #.# Y.
#.......####.###... ..#
..##.......#..........###..
..........................
#.....o.................. #
#...Y..§§§.# ........... ##.
#.##..Y.§§§.#####..........
.........4○6§§@§....#..........
#...####.##.§.§................
.....######....................
.........<.....................
.........###................#.#
..........###...............###
..........#..................#
.............>..............##
.......##....................#


You could see Amaemon (inner flame, blind), an orange demon (inner flame,
blind), 2 yaks and an orc (inner flame).

Vanquished Creatures
  Grinder (D:5)
  Eustachio (D:6)
  A water moccasin (D:8)
  3 ice beasts
  2 orc warriors
  A sky beast (D:7)
  A phantom (D:6)
  3 centaurs
  A kobold brigand (D:6)
  A bullfrog (D:7)
  3 scorpions
  2 wights (D:6)
  A howler monkey (D:5)
  2 hounds
  2 orc priests
  3 iguanas
  A sleepcap (D:6)
  3 orc wizards
  7 adders
  6 gnolls
  A white imp (D:7)
  3 worms
  A dart slug (D:1)
  20 orcs
  6 endoplasms
  A giant cockroach (D:4)
  5 goblins
  6 hobgoblins
  8 jackals
  5 quokkas
  6 ball pythons
  2 bats
  3 frilled lizards (D:1)
  20 kobolds
  9 rats
141 creatures vanquished.

Vanquished Creatures (collateral kills)
  Edmund (D:5)
  A kobold brigand (D:6)
  A gnoll sergeant (D:4)
  A wight (D:6)
  3 gnolls (D:4)
  An adder (D:6)
  2 shadow imps (D:6)
  2 ufetubi (D:6)
12 creatures vanquished.

Vanquished Creatures (others)
  2 wights (D:6)
2 creatures vanquished.

Grand Total: 155 creatures vanquished

Notes
Turn   | Place    | Note
-------+----------+-------------------------------------------
     0 | D:1      | Armakuni the Human Artificer began the quest for the Orb.
     0 | D:1      | Reached XP level 1. HP: 15/15 MP: 1/1
   192 | D:1      | Reached XP level 2. HP: 19/21 MP: 2/2
   611 | D:1      | Reached skill level 4 in Evocations
   611 | D:1      | Reached XP level 3. HP: 26/26 MP: 3/3
  1030 | D:2      | Learned a level 1 spell: Apportation
  1067 | D:2      | Reached XP level 4. HP: 31/32 MP: 4/4
  1124 | D:2      | Reached skill level 5 in Evocations
  1655 | D:2      | Found a faded altar of an unknown god.
  2099 | D:3      | Reached XP level 5. HP: 37/37 MP: 5/5
  2193 | D:3      | Found an iron altar of Okawaru.
  2200 | D:3      | Noticed Natasha
  2459 | D:3      | Noticed an orc warrior
  2464 | D:3      | Killed an orc warrior
  2465 | D:3      | Reached skill level 6 in Evocations
  2465 | D:3      | Reached XP level 6. HP: 43/43 MP: 6/6
  2930 | D:4      | Reached skill level 7 in Evocations
  3241 | D:4      | Reached XP level 7. HP: 46/48 MP: 7/7
  3633 | D:4      | Reached skill level 8 in Evocations
  4178 | D:5      | Entered Level 5 of the Dungeon
  4256 | D:5      | Found an opulent altar of Gozag.
  4270 | D:5      | Found a broken altar of Ashenzari.
  4271 | D:5      | Noticed Edmund
  4354 | D:5      | Noticed Grinder
  4391 | D:5      | Killed Edmund
  4407 | D:5      | Paralysed by Grinder for 2 turns
  4418 | D:5      | Killed Grinder
  4419 | D:5      | Reached skill level 9 in Evocations
  4419 | D:5      | Reached XP level 8. HP: 54/54 MP: 8/8
  4541 | D:5      | Found Muecsam's Antique Weapon Shop.
  4738 | D:5      | Found a transporter.
  4829 | D:5      | Found a transporter.
  4831 | D:5      | Identified the -1 kite shield "Owiureif" {Rampage Slay+2}
  4848 | D:5      | Noticed t4s4d4r's ghost (novice OpFi)
  5457 | D:6      | Reached skill level 10 in Evocations
  5457 | D:6      | Reached skill level 1 in Staves
  5927 | D:6      | Reached XP level 9. HP: 33/63 MP: 9/9
  6050 | D:6      | Noticed Eustachio
  6059 | D:6      | Killed Eustachio
  6323 | D:6      | Found a staircase to the Ecumenical Temple.
  6329 | Temple   | Entered the Ecumenical Temple
  6912 | D:7      | Found a glowing silver altar of Zin.
  7328 | D:7      | Reached skill level 5 in Fighting
  7422 | D:7      | Reached skill level 5 in Staves
  7422 | D:7      | Reached skill level 1 in Poison Magic
  8004 | D:8      | Noticed Amaemon
  8004 | D:8      | Noticed an orange demon
  8010 | D:8      | HP: 3/68 [spore (39)]
  8010 | D:8      | Engulfed by a cloud of flame

Illustrated notes

Levels and vault maps discovered:
D:1:      dpeg_arrival_shrine, layout_basic
D:2:      layout_basic, ebering_ecumenical_altar_petrified, dk_noncrumbling_4,
          nicolae_elevator_lobby_asterisk
D:3:      layout_basic, okawaru_metal_pillars_1_2, interstate_on_off,
          uniq_natasha
D:4:      layout_basic, patterned_corridor
D:5:      layout_loops_ring, mainiacjoe_overflow_large_starburst,
          gammafunk_ghost_gnarly_gnolls, serial_shops,
          nicolae_shop_tiny_real_fake_doors, uniq_grinder, uniq_edmund
D:6:      layout_basic, temple_statues, uniq_eustachio
D:7:      layout_cave_pods, zin_scriptorium
D:8:      layout_cave_pools, mainiacjoe_overflow_24_doors,
          ebering_ghost_rock_garden, uniq_psyche, uniq_amaemon
Temple:   compressed_dpeg_triangle_lava_temple

Skill      XL: |  1  2  3  4  5  6  7  8  9 |
---------------+----------------------------+-----
Evocations     | 4 5 6 7 9 10 | 10.0
Staves         | 2 5 |  5.0
Fighting       | 3 5 |  5.0
Poison Magic   | 3 |  3.4
Armour         | |  2.0
Dodging        | |  1.0
Stealth        | |  1.0

Action                     |  1- 3 |  4- 6 |  7- 9 || total
---------------------------+-------+-------+-------++-------
  Melee: Club              |    53 |       |       ||    53
         Whip              |    46 |    25 |       ||    71
         Hand axe          |       |    87 |    29 ||   116
         Flail             |       |       |   174 ||   174
         Trident           |       |       |   130 ||   130
         Punch             |       |       |     2 ||     2
   Fire: Sling             |     5 |       |       ||     5
  Throw: Dart              |       |       |     1 ||     1
  Evoke: Wand              |     8 |     6 |    27 ||    41
    Use: Scroll            |     2 |     6 |     6 ||    14
         Potion            |       |       |     3 ||     3
   Stab: Sleeping          |     1 |     1 |       ||     2
         Betrayed ally     |       |       |     2 ||     2
         Invisible         |       |       |     2 ||     2
 Armour: Leather armour    |     9 |       |       ||     9
         Ring mail         |    47 |    80 |   303 ||   430
  Dodge: Dodged            |    54 |    67 |   214 ||   335

Table legend: (Time is in decaauts)
 A = Elapsed time spent in this place.
 B = Non-inter-level travel time spent in this place.
 C = Inter-level travel time spent in this place.
 D = Time resting spent in this place.
 E = Time spent auto-exploring this place.
 F = Levels seen in this place.
 G = Mean time per level.
                   A        B        C        D        E       F      G
               +--------+--------+--------+--------+--------+-----+--------+
         Total |   8147 |   7853 |    294 |    966 |   5013 |   9 |  905.2 |
       Dungeon |   8145 |   7851 |    294 |    966 |   5013 |   8 | 1018.1 |
        Temple |      1 |      1 |      0 |      0 |      0 |   1 |    1.0 |
               +--------+--------+--------+--------+--------+-----+--------+

Top non-repeatable levels by time:
     D:6: 1643 daAuts
     D:4: 1377 daAuts
     D:2: 1183 daAuts
     D:5: 1069 daAuts
     D:1: 1064 daAuts
     D:7: 887 daAuts
     D:3: 647 daAuts
     D:8: 271 daAuts
  Temple: 1 daAuts
